 Dungeon Crawl Stone Soup version 0.25-a0-1113-g0499d652a8 (webtiles) character file.

Game seed: 18395029903512431125, levelgen mode: deterministic

235 vurker the Grave Robber (level 5, 0/38 HPs)
             Began as a Mummy Necromancer on May 16, 2020.
             Slain by a centaur skeleton (5 damage)
             ... on level 4 of the Dungeon.
             The game lasted 00:06:32 (3897 turns).

vurker the Grave Robber (Mummy Necromancer)         Turns: 3897, Time: 00:06:32

Health: 0/38       AC:  7    Str: 12    XL:     5   Next: 76%
Magic:  2/12       EV: 12    Int: 15    God:
Gold:   271        SH:  0    Dex: 12    Spells: 6/14 levels left

rFire    x . .     SeeInvis .   c - +1 short sword (drain)
rCold    + . .     Gourm    .   (no shield)
rNeg     + + +     Faith    .   a - +0 robe
rPois    ∞         Spirit   .   e - +2 helmet
rElec    .         Reflect  .   m - +0 cloak
rCorr    +         Harm     .   l - +0 pair of gloves
MR       .....                  (no boots)
Stlth    ++........             (no amulet)
HPRegen  0.12/turn              k - ring of resist corrosion
MPRegen  0.13/turn              (no ring)

@: no status effects
A: no food or potions, fire vulnerability, cold resistance 1, negative energy
resistance 3, torment resistance, unbreathing
a: no special abilities


You were on level 4 of the Dungeon.
You were not hungry.

You visited 1 branch of the dungeon, and saw 4 of its levels.

You collected 271 gold pieces.

Inventory:

Hand Weapons
 c - a +1 short sword of draining (weapon)
   (You took it off a kobold on level 1 of the Dungeon)
Armour
 a - a +0 robe (worn)
 e - a +2 helmet (worn)
   (You took it off Robin on level 2 of the Dungeon)
 l - a +0 pair of gloves (worn)
   (You found it on level 3 of the Dungeon)
 m - a +0 cloak (worn)
   (You took it off Crazy Yiuf on level 3 of the Dungeon)
Jewellery
 k - a ring of resist corrosion (left hand)
   (You found it on level 3 of the Dungeon)
Wands
 g - a wand of polymorph (10)
   (You took it off a kobold on level 2 of the Dungeon)
Scrolls
 b - a scroll of amnesia {unknown}
 d - 3 scrolls of identify {unknown}
 f - 2 scrolls of teleportation {unknown}
 h - 3 scrolls of remove curse {unknown}
 i - 2 scrolls of enchant weapon {unknown}
 j - a scroll of magic mapping {unknown}


   Skills:
 + Level 2.2 Fighting
 - Level 1.5 Dodging
 - Level 1.5 Stealth
 * Level 5.1 Spellcasting
 * Level 5.4 Necromancy


You had 6 spell levels left.
You knew the following spells:

 Your Spells              Type           Power        Failure   Level  Hunger
a - Pain                  Necr           ###.         1%          1    N/A
c - Vampiric Draining     Necr           ###.......   5%          3    N/A
q - Animate Dead          Necr           N/A          17%         4    N/A

Your spell library contained the following spells:

 Spells                   Type           Power        Failure   Level  Hunger
 Animate Skeleton         Necr           N/A          1%          1    N/A
 Agony                    Necr           ###.....     43%         5    N/A

Dungeon Overview and Level Annotations

Branches:
Dungeon (4/15)
 Temple: D:4-7

Altars:
Cheibriados
Vehumet


Innate Abilities, Weirdness & Mutations

You do not eat or drink.
Your flesh is vulnerable to fire.
You are immune to poison.
Your flesh is cold resistant. (rC+)
You are immune to negative energy. (rN+++)
You are immune to unholy pain and torment.
You can survive without breathing.


Message History

The worker ant closely misses you.
Aim: a worker ant (severely wounded, chance to defeat MR: 84%)
The worker ant writhes in agony.
You kill the worker ant!
The jackal barks!
You hear a shout!
Aim: a jackal (chance to defeat MR: 90%)
The jackal writhes in agony!
You kill the jackal!
Aim: an orc, wielding a +4 mace and wearing a +0 leather armour (chance to defeat MR: 90%)
The orc writhes in agony.
The orc hits you with a +4 mace!
You hit the centaur skeleton. The centaur skeleton barely misses you.
You hit the centaur skeleton.
An orc comes into view. It is wielding a +0 club.
The centaur skeleton hits you. The orc closely misses you.
The orc hits you but does no damage.
The centaur skeleton closely misses you.
You hit the centaur skeleton. The orc hits you but does no damage.
The orc hits you with a +4 mace.
The centaur skeleton hits you but does no damage.
You hit the centaur skeleton. The orc hits you with a +0 dagger.
The centaur skeleton hits you. The orc hits you with a +4 mace!
* * * LOW HITPOINT WARNING * * *
You hit the centaur skeleton.
The centaur skeleton hits you but does no damage.
The orc misses you. x2
The centaur skeleton hits you but does no damage.
You hit the centaur skeleton. The orc hits you with a +0 dagger.
* * * LOW HITPOINT WARNING * * *
The centaur skeleton closely misses you.
The orc misses you. The orc hits you but does no damage.
Aim: an orc, wielding a +0 dagger You kill the orc!
You feel life coursing into your body. The centaur skeleton hits you.
* * * LOW HITPOINT WARNING * * *
The orc barely misses you.
The centaur skeleton closely misses you.
You hit the centaur skeleton but do no damage.
The jackal closely misses you. The centaur skeleton hits you.
* * * LOW HITPOINT WARNING * * *
The jackal bites you.
* * * LOW HITPOINT WARNING * * *
The orc hits you but does no damage.
You don't have enough magic to cast that spell.
You puncture the centaur skeleton! The centaur skeleton hits you.
* * * LOW HITPOINT WARNING * * *
The jackal bites you.
* * * LOW HITPOINT WARNING * * *
Okay, then.
You hit the centaur skeleton. The centaur skeleton hits you.
You die...

##... ## ##.... .#
#..... ##. #....g
#.. ###o..o. #.#
##....og. .. #.#
#.....a.. ..
#####<# ......Z<.
.. #. #o@Z..#
..###.o..
..###.######h#####
##...
#...#....#.Zo###.
####
#..s)..#.#.##....#
#..o.)......)###
#..(.....##.##
..##....<......#
#............###
.###.......##


You could see 2 orcs, a jackal, a centaur skeleton and a howler monkey skeleton.

Vanquished Creatures
  Crazy Yiuf (D:3)
  An orc wizard (D:3)
  A worker ant (D:4)
  Robin (D:2)
  6 adders
  An ooze (D:2)
  2 worms
  2 dart slugs (D:1)
  A leopard gecko (D:2)
  5 orcs
  2 ball pythons (D:1)
  3 giant cockroaches
  16 goblins
  4 hobgoblins
  5 jackals
  7 kobolds
  A quokka (D:3)
  7 bats
  3 frilled lizards
  A quokka skeleton (D:3)
  8 rats
78 creatures vanquished.

Notes
Turn   | Place    | Note
-------+----------+-------------------------------------------
     0 | D:1      | vurker the Mummy Necromancer began the quest for the Orb.
     0 | D:1      | Reached XP level 1. HP: 13/13 MP: 4/4
   185 | D:1      | Reached XP level 2. HP: 20/20 MP: 0/6
   819 | D:2      | Reached skill level 1 in Fighting
   819 | D:2      | Reached XP level 3. HP: 15/26 MP: 1/8
  1002 | D:2      | Noticed Robin
  1150 | D:2      | Killed Robin
  1258 | D:2      | Learned a level 3 spell: Vampiric Draining
  1338 | D:2      | Reached XP level 4. HP: 24/32 MP: 2/9
  2480 | D:3      | Reached skill level 5 in Necromancy
  2540 | D:3      | Learned a level 4 spell: Animate Dead
  2739 | D:3      | Reached XP level 5. HP: 38/38 MP: 5/11
  2885 | D:3      | Found a snail-covered altar of Cheibriados.
  2983 | D:3      | Found a radiant altar of Vehumet.
  3028 | D:3      | Found a runed translucent door.
  3029 | D:3      | Noticed Crazy Yiuf
  3400 | D:3      | Killed Crazy Yiuf
  3727 | D:4      | Reached skill level 5 in Spellcasting
  3897 | D:4      | Slain by a centaur skeleton

Illustrated notes

Levels and vault maps discovered:
D:1:      denvon_arrival_waterhouse, layout_rooms
D:2:      layout_basic, uniq_robin
D:3:      layout_loops_cross, lemuel_doored_altar,
          nicolae_overflow_crystal_walls, minmay_fractal_squares_diagonal_5,
          uniq_crazy_yiuf_cottage
D:4:      layout_rooms, gammafunk_temple_overflow_elements, serial_shops, shop,
          first_ration

Skill      XL: |  1  2  3  4  5 |
---------------+----------------+-----
Spellcasting   | 3 4 5 |  5.1
Fighting       | 1 2 |  2.2
Necromancy     | 5 |  5.4
Dodging        | |  1.5
Stealth        | |  1.5

Action                   |  1- 3 |  4- 6 || total
-------------------------+-------+-------++-------
Melee: Short sword       |     7 |    15 ||    22
 Cast: Pain              |    63 |   114 ||   177
       Vampiric Draining |       |     2 ||     2
Armor: Robe              |     2 |    31 ||    33
Dodge: Dodged            |     7 |    44 ||    51

Table legend:
 A = Non-vault XP
 B = Vault XP
 C = Vault XP percentage of total XP
 D = Non-vault monster count
 E = Vault monster count
 F = Vault count percentage of total count
                 A         B        C        D         E       F
            +---------+---------+-------+---------+---------+-------
      Total |     238 |      99 |  29.4 |      58 |      20 |  25.6
            +---------+---------+-------+---------+---------+-------
        D:1 |      31 |       2 |   6.1 |      16 |       1 |   5.9
        D:2 |      69 |      35 |  33.7 |      16 |      12 |  42.9
        D:3 |      93 |      62 |  40.0 |      20 |       7 |  25.9
        D:4 |      45 |       0 |   0.0 |       6 |       0 |   0.0
            +---------+---------+-------+---------+---------+-------
